 Dungeon Crawl Stone Soup version 0.16.1-2-g95b8d4c (webtiles) character file.

2881 JustSomeDude the Covert (level 9, -2/43 HPs)
             Began as a Spriggan Assassin on Mar 22, 2015.
             Was a Priest of Dithmenos.
             Shot with an arrow of flame by a centaur (5 damage)
             ... on level 8 of the Dungeon on Mar 24, 2015.
             The game lasted 02:16:06 (10735 turns).

JustSomeDude the Covert (Spriggan Assassin)        Turns: 10735, Time: 02:16:07

Health: -2/43      AC:  8    Str:  9    XL:     9   Next: 48%
Magic:  21/21      EV: 23    Int: 14    God:    Dithmenos [***...]
Gold:   530        SH:  0    Dex: 19    Spells: 0 memorised, 8 levels left

rFire  . . .     SeeInvis +     a - +2 dagger
rCold  . . .     Clarity  +     c - +0 robe
rNeg   . . .     SustAb   .     (shield restricted)
rPois  +         Gourm    .     r - +2 hat
rElec  .         Spirit   .     z - +2 cloak {rPois}
rCorr  .         Warding  .     (gloves unavailable)
rMut   .         Stasis   .     (boots unavailable)
MR     +....                    j - amulet of clarity
Stlth  +++++++...               (no ring)
                                p - ring of teleport control

@: exhausted, slowed, wreathed by umbra, drained, quick, somewhat resistant to
hostile enchantments, extremely stealthy
A: unfitting armour, see invisible, clever 1, herbivore 3, speed 3, low mp 1,
shaggy fur 1, slow metabolism 2
a: Shadow Step, Renounce Religion, Evoke Teleport Control


You were on level 8 of the Dungeon.
You worshipped Dithmenos.
Dithmenos was most pleased with you.
You were not hungry.

You visited 2 branches of the dungeon, and saw 9 of its levels.
You visited the Abyss 1 time.
You also visited: Ossuary.

You collected 530 gold pieces.

Inventory:

Hand weapons
 a - a +2 dagger (weapon)
 n - a +1 mace of protection
 s - a -3 hammer
 v - a +0 blowgun
 y - a +2 quarterstaff of chaos
 F - a +4 flail of crushing
 G - a +3 short sword
 H - a +0 hammer
 I - a +1 mace of holy wrath
 J - a +0 trident of freezing
Missiles
 e - 31 poisoned needles
 f - 5 curare-tipped needles
 h - 23 stones
 l - 4 tomahawks (quivered)
 D - 5 needles of sleeping
Armour
 c - a +0 robe (worn)
 d - a +2 cloak
 m - a +0 robe
 q - a +0 robe
 r - a +2 hat (worn)
 z - a +2 cloak of poison resistance (worn)
 Q - a +3 leather armour
Magical staves
 C - a cursed staff of wizardry
 E - an uncursed staff of wizardry
Jewellery
 j - an amulet of clarity (around neck)
 o - a +5 ring of intelligence {unknown}
 p - a ring of teleport control (left hand)
 t - an uncursed ring of teleportation
 K - a cursed -3 ring of intelligence {unknown}
 L - an uncursed ring of poison resistance {unknown}
Scrolls
 w - 2 scrolls of identify
 A - a scroll of recharging
 M - a scroll of remove curse
 N - a scroll of amnesia
Potions
 B - a potion of ambrosia
 O - a potion of berserk rage
 P - a potion of might {unknown}
Books
 b - an Akashic Record {highlevel, unknown}

   This book is beyond your current level of understanding.

   Spells                             Type                      Level
   a - Dispersal                      Translocation                6
   b - Controlled Blink               Translocation                7
   c - Malign Gateway                 Summoning/Translocation      7
   d - Disjunction                    Translocation                8
   e - Singularity                    Translocation                9
Miscellaneous
 i - a plain deck of war {drawn: 3}
Comestibles
 g - 5 bread rations
 u - 9 fruits
 x - a slice of pizza


   Skills:
 + Level 2.7(2.0) Fighting
 + Level 3.0(2.4) Short Blades
 + Level 0.2(0.0) Maces & Flails
 + Level 0.1(0.0) Polearms
 * Level 9.3(8.6) Throwing
 + Level 7.5(6.7) Dodging
 + Level 10.8(10.0) Stealth
 * Level 7.6(6.8) Evocations


You had 8 spell levels left.
You didn't know any spells.

Dungeon Overview and Level Annotations

Branches:
Dungeon (8/15)             Temple (1/1) D:7
   Lair: D:8-11

Altars:
Ashenzari
Cheibriados
Dithmenos
Elyvilon
Fedhas
Gozag
Kikubaaqudgha
Makhleb
Nemelex Xobeh
Okawaru
Qazlal
Ru
Sif Muna
Trog
Vehumet
Xom
Yredelemnul
Zin
The Shining One

Shops:
D:4 *


Innate Abilities, Weirdness & Mutations

You are tiny and cannot use many weapons and most armour.
You have supernaturally acute eyesight.
You are a herbivore.
You cover ground extremely quickly.
You need consume almost no food.
Your mind is acute. (Int +2)
Your magical capacity is low (-10% MP).
You are covered in fur (AC +1).


Message History

The centaur hits you. The centaur completely misses you.
You closely miss the centaur.
The centaur is heavily wounded.
The centaur completely misses you. The centaur hits you!
* * * LOW HITPOINT WARNING * * *
Read which item? (? for menu, Esc to quit)
Okay, then.
Drink which item? (? for menu, Esc to quit)
You feel refreshed. The centaur completely misses you. The centaur misses you.
Drink which item? (? for menu, Esc to quit)
You're too exhausted to go berserk.
You see here an arrow of flame.
The centaur wields an uncursed shortbow.
The centaur shoots an arrow of flame.
The arrow of flame hits you.
* * * LOW HITPOINT WARNING * * *
The arrow of flame burns you.
* * * LOW HITPOINT WARNING * * *
You see here an arrow of flame.
The centaur shoots an arrow of flame.
The arrow of flame hits you.
You die...

.. ...#....#......##.## #
#' #.##....#....#.##.##
##'##.##.##...##....###....
+......#.(....####'## #..##
#..'(.....#.....# ##.##
#.##c##...#.....# #....
..##.##(##(..#.....# ##.##
#........(#..<'.....# ##'##
#.##.##.(@...#.....# #...'
#+ #..#...#.....# #...#
..[..#.(.#.....# ##.##
#.##+##...#.....# ##.## #
#...#.....# #....
....#.....# #....
+....#.....# #....
#...#.... #.... . #..##


You could see a centaur.

Vanquished Creatures
  A hippogriff (D:7)
  Edmund (D:5)
  A necrophage (D:4)
  2 sky beasts
  2 ogres (D:4)
  2 centaurs (D:5)
  Sigmund (D:2)
  A gnoll sergeant (D:6)
  3 water moccasin zombies (Ossuary)
  4 giant frogs
  2 scorpions (D:6)
  A water moccasin skeleton (D:5)
  3 wights (D:7)
  A centaur zombie (D:7)
  2 goliath beetles (D:6)
  A jelly (D:6)
  A centaur skeleton (D:7)
  Crazy Yiuf (D:6)
  6 hounds
  3 worker ants
  10 orc wizards
  An iguana (D:7)
  A killer bee zombie (D:7)
  Ijyb (D:2)
  Jessica (D:2)
  A hound zombie (D:6)
  2 mummies (Ossuary)
  8 gnolls
  A worm zombie (D:5)
  5 adders
  2 shadow imps
  2 giant mites
  2 worms
  An adder zombie (Ossuary)
  An adder skeleton (D:6)
  24 orcs
  4 bat skeletons
  A bat zombie (D:7)
  7 giant cockroaches
  3 gnoll zombies (Ossuary)
  7 goblins
  7 hobgoblins
  16 jackals
  14 kobolds
  3 oozes
  4 ball pythons
  10 bats
  4 giant geckos
  7 giant newts
  A hobgoblin zombie (Ossuary)
  4 kobold zombies (Ossuary)
  4 orc zombies (Ossuary)
  11 rats
  A fungus (D:6)
210 creatures vanquished.

Vanquished Creatures (collateral kills)
  An adder (D:2)
  A goblin (D:2)
2 creatures vanquished.

Vanquished Creatures (others)
  A giant frog (D:7)
  An adder zombie (Ossuary)
  2 starspawn tentacles (Abyss:1)
  125 starspawn tentacle segments (Abyss:1)
129 creatures vanquished.

Grand Total: 341 creatures vanquished

Notes
Turn   | Place    | Note
--------------------------------------------------------------
     0 | D:1      | JustSomeDude, the Spriggan Assassin, began the quest for the Orb.
     0 | D:1      | Reached XP level 1. HP: 10/10 MP: 2/2
    36 | D:1      | Reached skill level 6 in Stealth
   492 | D:1      | Reached XP level 2. HP: 13/15 MP: 4/4
  1272 | D:2      | Found a sparkling altar of Nemelex Xobeh.
  1276 | D:2      | Became a worshipper of Nemelex Xobeh the Trickster
  1351 | D:2      | Reached skill level 7 in Stealth
  1374 | D:2      | Reached XP level 3. HP: 18/18 MP: 6/6
  1492 | D:2      | Noticed Ijyb
  1517 | D:2      | Killed Ijyb
  1562 | D:2      | Received a gift from Nemelex Xobeh
  1687 | D:2      | Noticed Sigmund
  1703 | D:2      | Killed Sigmund
  1703 | D:2      | Reached skill level 8 in Stealth
  1703 | D:2      | Reached skill level 1 in Evocations
  1703 | D:2      | Reached XP level 4. HP: 23/23 MP: 8/8
  1755 | D:2      | Reached XP level 5. HP: 24/26 MP: 11/11
  1816 | D:2      | Noticed Jessica
  1823 | D:2      | Killed Jessica
  1906 | D:2      | Gained mutation: You are covered in fur (AC +1). [potion of mutation]
  1906 | D:2      | Gained mutation: Your magical capacity is low (-10% MP). [potion of mutation]
  1906 | D:2      | Gained mutation: Your mind is acute. (Int +2) [potion of mutation]
  1978 | D:2      | Upgraded the game from 0.16.0-18-g484a79e to 0.16.1
  2731 | D:3      | Reached XP level 6. HP: 5/30 MP: 10/12
  2962 | D:3      | Found a shadowy altar of Dithmenos.
  2990 | D:3      | Fell from the grace of Nemelex Xobeh
  2990 | D:3      | Became a worshipper of Dithmenos the Shadowed
  4010 | D:4      | Reached skill level 5 in Throwing
  4043 | D:4      | Found Xismel's Serpentskin Sales.
  4046 | D:4      | Reached skill level 9 in Stealth
  4196 | D:4      | Reached XP level 7. HP: 35/35 MP: 16/16
  4953 | D:5      | Entered Level 5 of the Dungeon
  5451 | D:5      | Reached XP level 8. HP: 31/39 MP: 18/18
  5775 | D:5      | Found a sand-covered staircase.
  5795 | Ossuary  | Entered an ossuary
  5839 | Ossuary  | Reached skill level 5 in Evocations
  5889 | Ossuary  | Reached skill level 10 in Stealth
  6252 | D:5      | Acquired Dithmenos' first power
  6262 | D:6      | Noticed Edmund
  6371 | D:5      | Killed Edmund
  6949 | D:6      | Reached skill level 5 in Dodging
  7095 | D:6      | Noticed Crazy Yiuf
  7280 | D:6      | Killed Crazy Yiuf
  7585 | D:6      | Reached XP level 9. HP: 22/43 MP: 20/20
  7937 | D:6      | Cast into the Abyss (drawing a card)
  7967 | Abyss:1  | XOM: harmless Divn miscast
  8030 | Abyss:1  | Noticed a large abomination
  8040 | Abyss:1  | Noticed a large abomination
  8131 | Abyss:1  | Noticed a death drake
  8150 | Abyss:1  | Noticed a tentacled starspawn
  8189 | Abyss:1  | Noticed a tentacled starspawn
  8282 | Abyss:1  | Noticed a Hell Sentinel
  8332 | Abyss:1  | Noticed a starcursed mass
  8354 | D:6      | Escaped the Abyss
  8446 | D:6      | Found a burning altar of Makhleb.
  8447 | D:6      | Found a bloodstained altar of Trog.
  8466 | D:6      | Found a snail-covered altar of Cheibriados.
  8470 | D:6      | Found a white marble altar of Elyvilon.
  8483 | D:6      | Found an iron altar of Okawaru.
  8517 | D:6      | Found a sacrificial altar of Ru.
  8526 | D:6      | Found a shattered altar of Ashenzari.
  8653 | D:7      | Upgraded the game from 0.16.1 to 0.16.1-2-g95b8d4c
  8836 | D:7      | Found a staircase to the Ecumenical Temple.
  9156 | Temple   | Entered the Ecumenical Temple
  9724 | D:7      | Acquired Dithmenos' second power
 10735 | D:8      | Shot with an arrow of flame by a centaur

Action                   |  1- 3 |  4- 6 |  7- 9 || total
-------------------------+-------+-------+-------++-------
Melee: Dagger            |    16 |    19 |   480 ||   515
       Blowgun           |     3 |       |     9 ||    12
       Mace              |       |    25 |    36 ||    61
       Flail             |       |       |    15 ||    15
       Trident           |       |       |     5 ||     5
 Fire: Blowgun           |    45 |    82 |   182 ||   309
Throw: Stone             |     2 |    16 |     2 ||    20
       Tomahawk          |       |    14 |    22 ||    36
Invok: Shadow Step       |       |       |     1 ||     1
Evoke: Deck              |     1 |       |     2 ||     3
  Use: Scroll            |     3 |     9 |    14 ||    26
       Potion            |       |     7 |    13 ||    20
 Stab: Sleeping          |    19 |    22 |    32 ||    73
       Distracted        |       |     1 |     3 ||     4
  Eat: Fruit             |       |       |     5 ||     5
       Bread ration      |       |       |     2 ||     2
